 Dungeon Crawl Stone Soup version 0.29-a0-275-g389c0b56f3 (webtiles) character file.

Game seed: 14254137427584112308

334 sanka the Shield-Bearer (level 6, -4/47 HPs)
             Began as a Gnoll Wanderer on Mar 10, 2022.
             Was an Initiate of Gozag.
             Slain by Edmund
             ... wielding a +3 vorpal dire flail
              (9 damage)
             ... on level 4 of the Dungeon.
             The game lasted 00:07:48 (4865 turns).

sanka the Shield-Bearer (Gnoll Wanderer)            Turns: 4865, Time: 00:07:48

Health: -4/47      AC:  3    Str: 13    XL:     6   Next: 53%
Magic:  6/11       EV: 15    Int: 11    God:    Gozag
Gold:   575        SH:  7    Dex: 12    Spells: 10/11 levels left

rFire   . . .      SeeInvis .   s - +0 scimitar
rCold   . . .      Faith    .   e - +2 buckler
rNeg    . . .      Spirit   .   d - +0 robe
rPois   .          Reflect  .   (no helmet)
rElec   .          Harm     .   (no cloak)
rCorr   .          Rampage  .   (no gloves)
Will    .....                   b - +0 pair of boots
Stlth   +++.......              (no amulet)
HPRegen 0.15/turn               (no ring)
MPRegen 0.12/turn               p - +4 ring of evasion

@: gold aura
A: fangs 1, strong nose, distributed training
a: Renounce Religion, Potion Petition, Call Merchant, Bribe Branch


You were on level 4 of the Dungeon.
You worshipped Gozag.
Gozag was pleased with you.
You visited 1 branch of the dungeon, and saw 4 of its levels.

You collected 575 gold pieces.


Innate Abilities, Weirdness & Mutations

You have very sharp teeth.
Your uncanny sense of smell can sniff out nearby items.
Your experience applies equally to all skills.


   Skills:
 + Level 3.2 Fighting
 + Level 2.0 Short Blades
 + Level 2.0 Long Blades
 + Level 2.0 Axes
 + Level 2.0 Maces & Flails
 + Level 2.0 Polearms
 + Level 2.0 Staves
 + Level 2.0 Slings
 + Level 2.0 Bows
 + Level 2.0 Crossbows
 + Level 2.0 Throwing
 + Level 2.0 Armour
 + Level 2.0 Dodging
 + Level 4.6 Stealth
 + Level 6.8 Shields
 + Level 2.0 Unarmed Combat
 + Level 3.4 Spellcasting
 + Level 1.5 Conjurations
 + Level 1.5 Hexes
 + Level 1.5 Summonings
 + Level 1.5 Necromancy
 + Level 1.5 Translocations
 + Level 1.5 Transmutations
 + Level 1.5 Fire Magic
 + Level 1.5 Ice Magic
 + Level 1.5 Air Magic
 + Level 1.5 Earth Magic
 + Level 5.6 Poison Magic
 + Level 2.2 Invocations
 + Level 2.0 Evocations


You had 10 spell levels left.
You knew the following spells:

 Your Spells              Type           Power      Damage    Failure   Level
z - Sting                 Tmut/Pois      36%        1d4       7%          1

Your spell library contained the following spells:

 Spells                   Type           Power      Damage    Failure   Level
 Ignite Poison            Fire/Tmut/Pois 8%         N/A       28%         3

Inventory:

Hand Weapons
 a - a +0 dagger
 f - a +0 short sword
 o - a +1 vorpal flail
 s - a +0 scimitar (weapon)
Armour
 b - a +0 pair of boots (worn)
 d - a +0 robe (worn)
 e - a +2 buckler (worn)
Jewellery
 p - a +4 ring of evasion (right hand)
Scrolls
 g - 2 scrolls of teleportation {unknown}
 j - 3 scrolls of identify {unknown}
 k - a scroll of fear {unknown}
 l - a scroll of blinking {unknown}
 q - 4 scrolls of enchant armour {unknown}
 r - 2 scrolls of vulnerability {unknown}
 u - a scroll of silence {unknown}
 v - a scroll of summoning {unknown}
Potions
 c - 5 potions of heal wounds {@q2}
 h - 3 potions of mutation {unknown}
 i - a potion of flight {unknown}
 m - 2 potions of attraction {unknown}
 n - a potion of curing {@q1}
 t - 2 potions of invisibility {unknown}

Dungeon Overview and Level Annotations

Branches:
Dungeon (4/15)
 Temple: D:4-7

Altars:
Gozag

Annotations:
D:4 Edmund, Menkaure

▒ ▒ ▒
▒▒▒▒▒▒▒▒▒▒▒▒▒▒▒▒▒▒▒▒
▒
▒..................▒
▒▒▒▒
▒.▒▒.<.g@..BO▒▒▒▒▒.▒
...▒
▒.▒▒.▒▒▒▒▒▒▒.£s..▒
.▒.▒ ▒.▒▒.▒ ▒▒▒▒▒.▒
.▒.▒▒▒▒▒▒▒.▒▒.▒ ▒.▒
.▒.........▒▒.▒ ▒.▒
▒ .▒▒▒▒▒▒▒▒▒▒▒▒.▒
▒▒▒▒▒▒▒.▒.▒ .▒
▒▒▒▒.▒▒▒ ▒......sS.▒
.▒ ▒......▒
▒▒▒▒▒▒'O▒▒▒
.▒▒▒▒▒▒▒▒▒.▒▒.▒▒▒
....K


You could see Edmund, an ogre, a scorpion and a giant cockroach.


Message History

Edmund hits you with a +3 vorpal dire flail!
* * * LOW HITPOINT WARNING * * *
The sting hits Edmund but does no damage.
Edmund looks even sicker.
Edmund is lightly wounded.
Edmund hits you with a +3 vorpal dire flail.
* * * LOW HITPOINT WARNING * * *
* * * LOW HITPOINT WARNING * * *
The sting misses Edmund.
The sting hits the adder.
The adder is poisoned.
The adder is moderately wounded.
Edmund says, "People think my brother is the best.
I think he's crazy."
You block Edmund's attack.
The sting hits Edmund but does no damage.
Edmund looks as sick as possible!
Edmund is lightly wounded.
Edmund drinks a potion.
Edmund is healed!
Edmund looks more healthy.
Unknown command.
Edmund attacks as you move away!
Edmund hits you with a +3 vorpal dire flail!
* * * LOW HITPOINT WARNING * * *
* * * LOW HITPOINT WARNING * * *
You kill the adder!
Edmund attacks as you move away!
Edmund hits you with a +3 vorpal dire flail!
You die...
Your body crumbles into a pile of gold.

Action                   |  1- 3 |  4- 6 || total
-------------------------+-------+-------++-------
Melee: Short sword       |    90 |    38 ||   128
       Bite              |     5 |     9 ||    14
       Flail             |       |    57 ||    57
       Scimitar          |       |    20 ||    20
 Cast: Sting             |    51 |    55 ||   106
 Stab: Sleeping          |     2 |     9 ||    11
Armor: Robe              |    20 |    20 ||    40
Dodge: Dodged            |    49 |    62 ||   111
Block: Buckler           |    52 |    46 ||    98

Levels and vault maps discovered:
D:1:      minmay_arrival_checkered_box, layout_loops_cross,
          minmay_misc_feat_tower
D:2:      layout_basic, ebering_ecumenical_altar_rust,
          chequers_serial_rivers_room_b
D:3:      layout_basic, serial_bayou_pond_a, mrwooster_statue_mirror
D:4:      layout_loops_ring, kennysheep_dice, uniq_edmund, uniq_eustachio,
          uniq_menkaure

Notes
Turn   | Place    | Note
-------+----------+-------------------------------------------
     0 | D:1      | sanka the Gnoll Wanderer began the quest for the Orb.
     0 | D:1      | sanka set off with the following items: a +0 dagger, a +0
                  | pair of boots, a potion of heal wounds {@q2}, a +0 robe, a
                  | +2 buckler; and the following spell memorised: Sting; and
                  | the following spells available to memorise: Ignite Poison
     0 | D:1      | Reached XP level 1. HP: 17/17 MP: 4/4
   412 | D:1      | Reached XP level 2. HP: 21/23 MP: 2/5
   929 | D:1      | Reached XP level 3. HP: 23/28 MP: 7/7
  1340 | D:2      | Found a faded altar of an unknown god.
  1348 | D:2      | Reached skill level 1 in Invocations
  1399 | D:2      | Prayed at the altar of an unknown god.
  1399 | D:2      | Became a worshipper of Gozag Ym Sagoz the Greedy
  2021 | D:2      | Reached skill level 1 in Short Blades
  2021 | D:2      | Reached skill level 1 in Long Blades
  2021 | D:2      | Reached skill level 1 in Axes
  2021 | D:2      | Reached skill level 1 in Maces & Flails
  2021 | D:2      | Reached skill level 1 in Polearms
  2021 | D:2      | Reached skill level 1 in Staves
  2021 | D:2      | Reached skill level 1 in Slings
  2021 | D:2      | Reached skill level 1 in Bows
  2021 | D:2      | Reached skill level 1 in Crossbows
  2021 | D:2      | Reached skill level 1 in Throwing
  2021 | D:2      | Reached skill level 1 in Armour
  2021 | D:2      | Reached skill level 1 in Dodging
  2021 | D:2      | Reached skill level 1 in Unarmed Combat
  2021 | D:2      | Reached skill level 1 in Evocations
  2121 | D:2      | Reached XP level 4. HP: 27/34 MP: 0/8
  2298 | D:2      | Reached skill level 3 in Spellcasting
  2933 | D:3      | Reached skill level 1 in Conjurations
  2933 | D:3      | Reached skill level 1 in Hexes
  2933 | D:3      | Reached skill level 1 in Summonings
  2933 | D:3      | Reached skill level 1 in Necromancy
  2933 | D:3      | Reached skill level 1 in Translocations
  2933 | D:3      | Reached skill level 1 in Transmutations
  2933 | D:3      | Reached skill level 1 in Fire Magic
  2933 | D:3      | Reached skill level 1 in Ice Magic
  2933 | D:3      | Reached skill level 1 in Air Magic
  2933 | D:3      | Reached skill level 1 in Earth Magic
  3020 | D:3      | Reached XP level 5. HP: 17/40 MP: 2/9
  3413 | D:3      | Reached skill level 3 in Fighting
  3777 | D:3      | Reached skill level 2 in Invocations
  3777 | D:3      | Reached XP level 6. HP: 10/47 MP: 2/11
  4306 | D:4      | Noticed Menkaure
  4540 | D:4      | Reached skill level 2 in Short Blades
  4540 | D:4      | Reached skill level 2 in Long Blades
  4540 | D:4      | Reached skill level 2 in Axes
  4540 | D:4      | Reached skill level 2 in Maces & Flails
  4540 | D:4      | Reached skill level 2 in Polearms
  4540 | D:4      | Reached skill level 2 in Staves
  4540 | D:4      | Reached skill level 2 in Slings
  4540 | D:4      | Reached skill level 2 in Bows
  4540 | D:4      | Reached skill level 2 in Crossbows
  4540 | D:4      | Reached skill level 2 in Throwing
  4540 | D:4      | Reached skill level 2 in Armour
  4540 | D:4      | Reached skill level 2 in Dodging
  4540 | D:4      | Reached skill level 2 in Unarmed Combat
  4540 | D:4      | Reached skill level 2 in Evocations
  4842 | D:4      | Noticed Edmund
  4865 | D:4      | Slain by Edmund

Vanquished Creatures
  A scorpion (D:4)
  3 orc wizards (D:3)
  4 gnolls (D:3)
  5 adders
  4 worms
  4 dart slugs
  9 orcs (D:3)
  5 bats
  8 endoplasms
  5 giant cockroaches
  5 goblins
  10 hobgoblins
  6 jackals
  8 kobolds
  2 quokkas (D:2)
  7 ball pythons
  5 frilled lizards
  4 rats
95 creatures vanquished.

Vanquished Creatures (others)
  3 plants (D:3)
3 creatures vanquished.

Grand Total: 98 creatures vanquished
